 Dungeon Crawl Stone Soup version 0.28.0 (webtiles) character file.

Game seed: 12084764836660985752

65 psuckher the Sneak (level 3, -2/36 HPs)
             Began as a Troll Delver on Feb 16, 2022.
             Slain by Grinder (5 damage)
             ... on level 5 of the Dungeon.
             The game lasted 00:00:41 (140 turns).

psuckher the Sneak (Troll Delver)                    Turns: 140, Time: 00:00:42

Health: -2/36      AC:  4    Str: 22    XL:     3   Next: 92%
Magic:  2/2        EV:  9    Int:  6    God:
Gold:   21         SH:  0    Dex: 11    Spells: 2/2 levels left

rFire   . . .      SeeInvis .     - Unarmed
rCold   . . .      Faith    .   (no shield)
rNeg    . . .      Spirit   .   a - +0 robe
rPois   .          Reflect  .   (helmet restricted)
rElec   .          Harm     .   (no cloak)
rCorr   .          Rampage  .   (gloves unavailable)
Will    .....                   (boots unavailable)
Stlth   ++........              (no amulet)
HPRegen 0.92/turn               (no ring)
MPRegen 0.08/turn               (no ring)

@: no status effects
A: large, unfitting armour, claws 3, regeneration 1, shaggy fur 1, tough skin 1
a: no special abilities


You were on level 5 of the Dungeon.
You visited 1 branch of the dungeon, and saw 1 of its levels.

You collected 21 gold pieces.

Inventory:

Armour
 a - a +0 robe (worn)
Jewellery
 g - a ring of wizardry
Wands
 f - a wand of digging (3)
Scrolls
 b - a scroll of fog
 c - a scroll of magic mapping
 d - a scroll of fear
Potions
 e - a potion of haste


   Skills:
 + Level 2.7 Fighting
 + Level 1.6 Dodging
 + Level 3.4 Stealth
 + Level 2.2 Unarmed Combat


You had 2 spell levels left.
You didn't know any spells.
Your spell library was empty.

Dungeon Overview and Level Annotations

Branches:
Dungeon (5/15)
 Temple: D:4-7

Altars:

Annotations:
D:5 Grinder


Innate Abilities, Weirdness & Mutations

You are too large for most types of armour.
You have claws for hands.
Your natural rate of healing is unusually fast.
You are covered in fur. (AC +1)
You have tough skin. (AC +1)


Message History

Found 25 stones.
Grinder comes into view.
Found a stone staircase leading up.
Grinder shouts!
Grinder says, "I used to sell toenails on the black market."
Grinder gestures at you.
You suddenly lose the ability to move!
You can move again.
Grinder gestures at you. Pain shoots through your body!
You see here a ring of wizardry.
You scratch Grinder but do no damage. You claw Grinder!
Grinder is moderately wounded.
Grinder hits you but does no damage.
You closely miss Grinder.
Grinder is moderately wounded.
Grinder gestures at you. Pain shoots through your body!
You claw Grinder!
Grinder is severely wounded.
Grinder hits you.
You writhe in agony.
You barely miss Grinder.
Grinder is severely wounded.
Grinder says, "FISH!"
Grinder blinks!
g - a ring of wizardry A dart slug comes into view.
Grinder hits you.
* * * LOW HITPOINT WARNING * * *
You writhe in agony.
* * * LOW HITPOINT WARNING * * *
You barely miss Grinder.
Grinder is severely wounded.
Grinder hits you but does no damage.
You claw Grinder!
Grinder is almost dead.
Grinder hits you.
* * * LOW HITPOINT WARNING * * *
You writhe in agony.
You die...

.#.###.......#
...##..##.#.## ..
..# #..##.###.#.#
.# ..# ......#
#.#.### .#...##
.....##
#.#...###.#.....
####.#
#.###.##..<....#
. #.####.#
#.##....... .#
#..##..###.?..5w#
..
##..#<###....@###
#.# ##...#
#...### .. #.###
#.(.# ### #.##
....## #..#.#...#
#......#.#
#.##......
#.#.....#. #..
##..


You could see Grinder and a dart slug.

Vanquished Creatures
  A jelly (D:5)
  An iguana (D:5)
  An adder (D:5)
3 creatures vanquished.

Notes
Turn   | Place    | Note
-------+----------+-------------------------------------------
     0 | D:5      | psuckher the Troll Delver began the quest for the Orb.
     0 | D:5      | Reached XP level 1. HP: 22/22 MP: 0/0
    10 | D:5      | Noticed an iguana
    18 | D:5      | Killed an iguana
    19 | D:5      | Reached skill level 3 in Stealth
    19 | D:5      | Reached XP level 2. HP: 29/29 MP: 1/1
    34 | D:5      | Reached XP level 3. HP: 36/36 MP: 2/2
   128 | D:5      | Noticed Grinder
   130 | D:5      | Paralysed by Grinder for 2 turns
   140 | D:5      | Slain by Grinder

Illustrated notes

Levels and vault maps discovered:
D:5:      layout_rooms, nicolae_overflow_crystal_walls,
          fedhas_bush_and_centaur_altar, kennysheep_generic_room_4, uniq_grinder

Skill      XL: |  1 |
---------------+----+-----
Stealth        | 3 |  3.4
Fighting       | |  2.7
Dodging        | |  1.6
Unarmed Combat | |  2.2

Action                   || total
-------------------------++-------
Melee: Unarmed           ||    14
       Punch             ||     1
 Stab: Sleeping          ||     1
Armor: Robe              ||     3
Dodge: Dodged            ||     4
